 Dungeon Crawl Stone Soup version 0.27-a0-1347-gd8886f0a89 (webtiles) character file.

Game seed: 542448581417152532

28 wakim the Stinger (level 3, -1/21 HPs)
             Began as an Octopode Venom Mage on June 27, 2021.
             Was a Follower of the Shining One.
             Slain by a jackal (2 damage)
             ... on level 1 of the Dungeon.
             The game lasted 00:04:04 (1356 turns).

wakim the Stinger (Octopode Venom Mage)             Turns: 1356, Time: 00:04:05

Health: -1/21      AC:  1    Str:  7    XL:     3   Next: 14%
Magic:  0/6        EV: 13    Int: 18    God:    the Shining One [*.....]
Gold:   0          SH:  0    Dex: 12    Spells: 3/6 levels left

rFire    . . .     SeeInvis .   a - +0 dagger (holy)
rCold    . . .     Faith    .   (no shield)
rNeg     . . .     Spirit   .   (helmet restricted)
rPois    .         Reflect  .   (no amulet)
rElec    .         Harm     .   (no ring)
rCorr    .         Rampage  .   (no ring)
Will     .....                  (no ring)
Stlth    +.........             (no ring)
HPRegen  0.07/turn              (no ring)
MPRegen  0.10/turn              (no ring)
                                (no ring)
                                (no ring)

@: glowing
A: almost no armour, amphibious, 8 rings, camouflage 1, gelatinous body 1,
(nimble swimmer 1), tentacles
a: Renounce Religion


You were on level 1 of the Dungeon.
You worshipped the Shining One.
The Shining One was aware of your devotion.
You visited 1 branch of the dungeon, and saw 2 of its levels.

Inventory:

Hand Weapons
 a - a +0 dagger of holy wrath (weapon)
Scrolls
 b - a scroll of enchant armour {unknown}
 W - 2 scrolls of holy word
Potions
 c - a potion of might {unknown}
 d - a potion of lignification {unknown}


   Skills:
 - Level 2.0 Dodging
 - Level 2.6 Stealth
 + Level 2.4 Spellcasting
 - Level 1.0 Transmutations
 * Level 4.7 Poison Magic


You had 3 spell levels left.
You knew the following spells:

 Your Spells              Type           Power      Damage    Failure   Level
a - Sting                 Tmut/Pois      48%        1d5       5%          1
x - Poisonous Vapours     Pois/Air       20%        N/A       10%         2

Your spell library contained the following spells:

 Spells                   Type           Power      Damage    Failure   Level
 Ignite Poison            Fire/Tmut/Pois 9%         N/A       24%         3
 Mephitic Cloud           Conj/Pois/Air  7%         N/A       26%         3
 Olgreb's Toxic Radiance  Pois           19%        N/A       26%         4


Dungeon Overview and Level Annotations

Branches:
Dungeon (2/15)

Altars:
The Shining One


Innate Abilities, Weirdness & Mutations

You cannot wear most types of armour.
You are amphibious.
You can wear up to eight rings at the same time.
Your skin changes colour to match your surroundings (Stealth+).
Your rubbery body absorbs attacks. (AC +1, EV +1)
((You are camouflaged near water. (Stealth+)))
You have tentacles for arms and can constrict up to eight enemies at once.


Message History

The adder poisons you! The adder barely misses you.
There is a stone staircase leading up, spattered with blood here.
You feel sick. The jackal closely misses you. The adder completely misses you.
The jackal bites you.
You climb upwards.
You feel sick.
There is a stone staircase leading down here.
Casting: Sting (safe; 5% risk of failure)
Confirm with . or Enter, or press ? or * to list all spells.
Aiming: Poisonous Vapours (safe; 10% risk of failure)
Press: ? - help, Dir - move target, f - adder
Aim: an adder (lightly wounded, haloed) Poisonous vapours surround the adder!
The adder is poisoned.
You feel sick. The adder barely misses you. The jackal barely misses you.
Casting: Poisonous Vapours (safe; 10% risk of failure)
Confirm with . or Enter, or press ? or * to list all spells.
Aiming: Poisonous Vapours (safe; 10% risk of failure)
Press: ? - help, Dir - move target, f/p - adder
Aim: an adder (lightly wounded, poisoned, haloed) Poisonous vapours surround the adder!
The adder looks even sicker.
You feel sick. The adder closely misses you. The jackal completely misses you.
The adder bites you.
* * * LOW HITPOINT WARNING * * *
You feel sick. The jackal bites you.
* * * LOW HITPOINT WARNING * * *
The adder bites you.
* * * LOW HITPOINT WARNING * * *
The jackal bites you but does no damage.
You feel sick.
You are no longer poisoned.
The jackal bites you.
* * * LOW HITPOINT WARNING * * *
Casting: Poisonous Vapours (safe; 10% risk of failure)
Confirm with . or Enter, or press ? or * to list all spells.
Aiming: Poisonous Vapours (safe; 10% risk of failure)
Press: ? - help, Dir - move target, f/p - adder
Aim: an adder (almost dead, very poisoned) Poisonous vapours surround the adder!
The adder looks even sicker.
You kill the adder!
The jackal bites you.
You die...

.............# #.# ##....#
...........#.#### #.###.....#
..........##....# #.#...#####
................# #.#.###
..........♣.♣...# #...#
..#......♣.♣.♣.#####..##
########..♣_♣..###....#####
....####.♣.♣.♣.#...##.....#
.##.......♣.♣..#@########.#
..#####........h.# #####(####
...####...##..#### #........####
........#....>.######............
.......).....................####
...####...#.##..######...#######.
...# ##.#.......#####..###.......
...###..###........#..###..######
.......## ###.#[##...####.##


You could see a jackal.

Vanquished Creatures
  An adder (D:1)
  A dart slug (D:1)
  3 ball pythons (D:1)
  4 endoplasms
  A giant cockroach (D:1)
  3 goblins (D:1)
  A hobgoblin (D:1)
  A quokka (D:1)
  2 bats (D:1)
  3 frilled lizards (D:1)
  3 kobolds (D:1)
  2 rats
25 creatures vanquished.

Notes
Turn   | Place    | Note
-------+----------+-------------------------------------------
     0 | D:1      | wakim the Octopode Venom Mage began the quest for the Orb.
     0 | D:1      | Reached XP level 1. HP: 11/11 MP: 3/3
   160 | D:1      | Reached skill level 4 in Poison Magic
   181 | D:1      | Reached XP level 2. HP: 17/17 MP: 3/5
   184 | D:1      | Learned a level 2 spell: Poisonous Vapours
   185 | D:1      | Found a faded altar of an unknown god.
   905 | D:1      | Reached XP level 3. HP: 19/21 MP: 0/6
  1278 | D:1      | Became a worshipper of the Shining One
  1278 | D:1      | Reached * piety under the Shining One
  1354 | D:1      | HP: 1/21 [jackal (1)]
  1356 | D:1      | Slain by a jackal

Illustrated notes

Levels and vault maps discovered:
D:1:      elethiomel_arrival_infinity_welcomes_careful_drivers, layout_rooms,
          chequers_ecumenical_altar_simple_redux
D:2:      layout_rooms, minmay_pentomino_u4, uniq_terence

Skill      XL: |  1 |
---------------+----+-----
Poison Magic   | 4 |  4.7
Dodging        | |  2.0
Stealth        | |  2.6
Spellcasting   | |  2.4
Transmutations | |  1.0

Action                   || total
-------------------------++-------
Melee: Unarmed           ||     6
       Tentacles         ||     6
       Constrict         ||     5
       Dagger            ||    23
 Cast: Sting             ||    14
       Poisonous Vapours ||    20
  Use: Scroll            ||     1
Armor: Skin              ||     3
Dodge: Dodged            ||    32

Table legend: (Time is in decaauts)
 A = Elapsed time spent in this place.
 B = Non-inter-level travel time spent in this place.
 C = Inter-level travel time spent in this place.
 D = Time resting spent in this place.
 E = Time spent auto-exploring this place.
 F = Levels seen in this place.
 G = Mean time per level.
                   A        B        C        D        E       F      G
               +--------+--------+--------+--------+--------+-----+--------+
         Total |   1356 |   1307 |     49 |     47 |   1066 |   2 |  678.0 |
       Dungeon |   1356 |   1307 |     49 |     47 |   1066 |   2 |  678.0 |
               +--------+--------+--------+--------+--------+-----+--------+

Top non-repeatable levels by time:
     D:1: 1341 daAuts
     D:2: 15 daAuts
